 Dungeon Crawl Stone Soup version 0.29-a0-838-g385bb11a5b (webtiles) character file.

Game seed: 2202779152574154840

2 zeratav the Stinger (level 1, 0/11 HPs)
             Began as an Octopode Venom Mage on July 13, 2022.
             Slain by a kobold
             ... wielding a +1 dagger of flaming
              (1 damage)
             ... on level 1 of the Dungeon.
             The game lasted 00:00:10 (50 turns).

zeratav the Stinger (Octopode Venom Mage)             Turns: 50, Time: 00:00:10

Health: 0/11       AC:  1    Str:  7    XL:     1   Next: 40%
Magic:  1/3        EV: 13    Int: 17    God:
Gold:   0          SH:  0    Dex: 12    Spells: 3/4 levels left

rFire   . . .      SeeInvis .   b - +0 dagger {short}
rCold   . . .      Faith    .   (no shield)
rNeg    . . .      Spirit   .   (helmet restricted)
rPois   .          Reflect  .   (no amulet)
rElec   .          Harm     .   (no ring)
rCorr   .          Rampage  .   (no ring)
Will    .....                   (no ring)
Stlth   +++.......              (no ring)
HPRegen 0.03/turn               (no ring)
MPRegen 0.08/turn               (no ring)
                                (no ring)
                                (no ring)

@: no status effects
A: almost no armour, amphibious, 8 rings, camouflage 1, gelatinous body 1,
(nimble swimmer 1), tentacles
a: no special abilities


You were on level 1 of the Dungeon.
You visited 1 branch of the dungeon, and saw 1 of its levels.


Innate Abilities, Weirdness & Mutations

You cannot wear most types of armour.
You are amphibious.
You can wear up to eight rings at the same time.
Your skin changes colour to match your surroundings (Stealth+).
Your rubbery body absorbs attacks. (AC +1, EV +1)
((You are camouflaged when in or above water. (Stealth+)))
You have tentacles for arms and can constrict up to eight enemies at once.


   Skills:
 - Level 2.0 Dodging
 + Level 2.9 Stealth
 - Level 2.0 Spellcasting
 - Level 1.0 Transmutations
 + Level 3.7 Poison Magic


You had 3 spell levels left.
You knew the following spells:

 Your Spells              Type           Power      Damage    Failure   Level
a - Sting                 Tmut/Pois      36%        1d4       8%          1

Your spell library contained the following spells:

 Spells                   Type           Power      Damage    Failure   Level
 Poisonous Vapours        Pois/Air       16%        N/A       14%         2
 Mephitic Cloud           Conj/Pois/Air  5%         N/A       34%         3
 Olgreb's Toxic Radiance  Pois           14%        N/A       38%         4

Inventory:

Hand Weapons
 b - a +0 dagger (weapon) {short}
   (You took it off a goblin on level 1 of the Dungeon)
Potions
 a - a potion of magic

Dungeon Overview and Level Annotations

Branches:
Dungeon (1/15) Zot: 5949

Altars:

.....
g..# .Sb.
.r# ...
#K# #K#
#@# #.#
#.# #.#
#.# #.#
#.#
#######.#
#≈≈≈≈#..#


You could see a goblin, a bat, a ball python, 2 kobolds and a rat.


Message History

🤖 Initializing magus.rc ...
Bad channel name for runrest: 'pray:' ✅ Successfully initialized magus.rc [v1.9.6] Welcome, zeratav the Octopode Venom Mage.
The incredible Orb of Zot lies far below, as if waiting for you to find it.
Press ? for a list of commands and other information.
Found a staircase leading out of the dungeon.
There is a staircase leading out of the dungeon here.
You open the door.
There is an open door here.
A goblin comes into view. It is wielding a +0 dagger.
A goblin is nearby!
The sting hits the goblin.
The goblin is poisoned.
You kill the goblin!
MP[-1]
You lost 1 mp, and now have 2/3 mp.
You can't see any susceptible monsters within range! (Use Z to cast anyway.)
You can't see any susceptible monsters within range! (Use Z to cast anyway.)
A hobgoblin comes into view.
MP[+1]
Your mp is fully restored (3).
You are already empty-tentacled.
You see here a +0 dagger {short}.
You are already empty-tentacled.
b - a +0 dagger (weapon)
{short} A hobgoblin is nearby!
The hobgoblin shouts!
You hear a shout!
A kobold comes into view. It is wielding a +1 dagger of flaming.
A kobold comes into view. It is wielding a +0 whip.
The hobgoblin hits you.
HP[-5]
You take 5 damage, and now have 6/11 hp.
MASSIVE DAMAGE!! (PAUSE)
The kobold shouts!
You hit the hobgoblin. You grab the hobgoblin. You constrict the hobgoblin.
You hear an angry hiss.
The hobgoblin closely misses you.
You barely miss the hobgoblin. You constrict the hobgoblin.
A rat comes into view.
The hobgoblin barely misses you.
You hit the hobgoblin.
You kill the hobgoblin!
You closely miss the kobold. Your grab misses the kobold.
A ball python comes into view.
The kobold hits you with a +1 dagger of flaming.
* * * LOW HITPOINT WARNING * * *
The kobold burns you.
* * * LOW HITPOINT WARNING * * *
A goblin comes into view. It is wielding a +0 dagger.
HP[-5]
You take 5 damage, and now have 1/11 hp.
MASSIVE DAMAGE!! (PAUSE)
You are too injured to fight recklessly!
You are too injured to fight recklessly!
You are too injured to fight recklessly!
You are too injured to fight recklessly!
You are too injured to fight recklessly!
You are too injured to fight recklessly!
You are too injured to fight recklessly!
Casting: Sting (safe; 8% risk of failure)
Confirm with . or Enter, or press ? or * to list all spells.
Aiming: Sting (safe; 8% risk of failure)
Press: ? - help, Shift-Dir - straight line, f - kobold
Aim: a kobold, wielding a +1 dagger of flaming and quivering stones (60% to hit)
The sting hits the kobold but does no damage.
The kobold is poisoned.
The goblin shouts!
The kobold closely misses you.
A bat comes into view.
MP[-1]
You lost 1 mp, and now have 2/3 mp.
Casting: Sting (safe; 8% risk of failure)
Confirm with . or Enter, or press ? or * to list all spells.
Aiming: Sting (safe; 8% risk of failure)
Press: ? - help, Shift-Dir - straight line, f/p - kobold
Aim: a kobold, wielding a +1 dagger of flaming and quivering stones (heavily wounded, poisoned, 60% to hit)
The sting misses the kobold. x2
The kobold hits you with a +1 dagger of flaming.
You die...

Action                   || total
-------------------------++-------
Melee: Dagger            ||     4
       Constrict         ||     1
 Cast: Sting             ||     3
Dodge: Dodged            ||     3

Levels and vault maps discovered:
D:1:      ncdulo_wetmaze, layout_loops_ring, serial_shops, shop,
          chequers_ecumenical_altar_simple

Notes
Turn   | Place    | Note
-------+----------+-------------------------------------------
     0 | D:1      | zeratav the Octopode Venom Mage began the quest for the
                  | Orb.
     0 | D:1      | Reached XP level 1. HP: 11/11 MP: 3/3
     0 | D:1      | magus.rc [v1.9.6]
    48 | D:1      | HP: 2/11 [kobold/+1 dagger of flaming (4)]
    50 | D:1      | Slain by a kobold

Vanquished Creatures
  A goblin (D:1)
  A hobgoblin (D:1)
2 creatures vanquished.

Table legend:
 A = Non-vault XP
 B = Vault XP
 C = Vault XP percentage of total XP
 D = Non-vault monster count
 E = Vault monster count
 F = Vault count percentage of total count
                 A         B        C        D         E       F
            +---------+---------+-------+---------+---------+-------
      Total |       4 |       0 |   0.0 |       2 |       0 |   0.0
            +---------+---------+-------+---------+---------+-------
        D:1 |       4 |       0 |   0.0 |       2 |       0 |   0.0
            +---------+---------+-------+---------+---------+-------

Illustrated notes

Table legend:
 A = Kills in this place as a percentage of kills in entire the game.
 B = Kills by you in this place as a percentage of kills by you in the entire game.
 C = Kills by friends in this place as a percentage of kills by friends in the entire game.
 D = Other kills in this place as a percentage of other kills in the entire game.
 E = Experience gained in this place as a percentage of experience gained in the entire game.
 F = Experience gained in this place divided by the number of levels of this place that you have seen.
                   A       B       C       D       E      F
               +-------+-------+-------+-------+-------+----------------------
         Total | 100.0 | 100.0 |   N/A |   N/A | 100.0 |   4.0
       Dungeon | 100.0 | 100.0 |   N/A |   N/A | 100.0 |   4.0
               +-------+-------+-------+-------+-------+----------------------

Table legend: (Time is in decaauts)
 A = Elapsed time spent in this place.
 B = Non-inter-level travel time spent in this place.
 C = Inter-level travel time spent in this place.
 D = Time resting spent in this place.
 E = Time spent auto-exploring this place.
 F = Levels seen in this place.
 G = Mean time per level.
                   A        B        C        D        E       F      G
               +--------+--------+--------+--------+--------+-----+--------+
         Total |     49 |     49 |      0 |      0 |     34 |   1 |   49.0 |
       Dungeon |     49 |     49 |      0 |      0 |     34 |   1 |   49.0 |
               +--------+--------+--------+--------+--------+-----+--------+

Top non-repeatable levels by time:
     D:1: 49 daAuts
